 Dungeon Crawl Stone Soup version 0.30.1-9-gdf580d7c3d (webtiles) character file.

Game seed: 8695741127284798665

1798 Klatu the Cleaver (level 9, -9/51 HPs)
             Began as a Kobold Fighter on Oct 11, 2023.
             Was an Initiate of Ashenzari.
             Mangled by a vampire (12 damage)
             ... on level 7 of the Dungeon.
             The game lasted 00:44:31 (5961 turns).

Klatu the Cleaver (Kobold Fighter)                  Turns: 5961, Time: 00:44:31

Health: -9/51      AC:  7    Str: 16 (18) XL:     9   Next: 30%
Magic:  9/9        EV: 12    Int:  8 (9)  God:    Ashenzari [......]
Gold:   373        SH:  9    Dex: 13 (14) Spells: 8/8 levels left

rFire   . . .        y - +5 hand axe of the Bespelling Fool {heavy, Stlth+}
rCold   . . .        c - +0 buckler
rNeg    . . .        v - +3 leather armour
rPois   .            (no helmet)
rElec   .            D - scarf {shadows}
rCorr   .            E - +2 pair of gloves
SInv    +            (no boots)
Will    .....        l - amulet of reflection
Stlth   +++          f - +4 ring of slaying
HPRegen 0.28/turn    m - ring of see invisible
MPRegen 0.11/turn

%: reflection
@: mighty, brilliant, flying, invisible, unable to read
A: small, no large weapons, nightstalker 3, deformed body, no potion heal 1,
inability to read after injury 1
a: Renounce Religion, Curse Item


You were on level 7 of the Dungeon.
You worshipped Ashenzari.
Ashenzari was noncommittal.
You visited 2 branches of the dungeon, and saw 8 of its levels.

You collected 373 gold pieces.

Inventory:

Hand Weapons
 a - a +1 war axe
 p - a +0 sling
 y - the +5 hand axe of the Bespelling Fool (weapon) {heavy, Stlth+}
   (You found it on level 3 of the Dungeon)

   Stlth:     It makes you more stealthy.
Missiles
 z - 2 atropa-tipped darts (quivered)
Armour
 c - a +0 buckler (worn)
 h - a +0 chain mail
 v - a +3 leather armour (worn)
 D - a scarf of shadows (worn)
 E - a +2 pair of gloves (worn)
Jewellery
 f - a +4 ring of slaying (left hand)
 j - a ring of poison resistance
 l - an amulet of reflection (around neck)
 m - a ring of see invisible (right hand)
Wands
 t - a wand of quicksilver (7)
Scrolls
 q - a scroll of magic mapping
 r - 2 scrolls of blinking
 s - 2 scrolls of vulnerability
 u - a scroll of fear
 B - a scroll of fog
 C - a scroll of silence {unknown}
 F - a scroll of noise {unknown}
 G - a scroll of amnesia {unknown}
Potions
 g - 2 potions of brilliance
 k - 2 potions of degeneration
 n - a potion of flight
 w - a potion of magic


   Skills:
 - Level 3.2 Fighting
 + Level 9.8 Axes
 - Level 2.4 Armour
 - Level 2.4 Shields


You had 8 spell levels left.
You didn't know any spells.
Your spell library contained the following spells:

 Spells                   Type           Power      Damage    Failure   Level
 Freeze                   Ice            0%         1d3       56%         1
 Blink                    Tloc           0%         N/A       71%         2
 Lesser Beckoning         Tloc           0%         N/A       71%         2
 Momentum Strike          Conj/Tloc      0%         3d8       71%         2
 Frozen Ramparts          Ice            0%         1d1       91%         3
 Hailstorm                Conj/Ice       0%         3d3       91%         3
 Vhi's Electric Charge    Tloc/Air       0%         N/A       91%         3
 Arcjolt                  Conj/Air       0%         1d10      100%        5
 Maxwell's Capacitive Co  Air            0%         ∞         100%        8


Dungeon Overview and Level Annotations

Branches:
Dungeon (7/15)             Temple (1/1) D:4

Altars:
Ashenzari
Dithmenos
Kikubaaqudgha
Nemelex Xobeh
Wu Jian
Zin
The Shining One

Annotations:
D:4 exclusions: 2 gnolls and 3 more exclusions
D:6 exclusions: 2 ice beasts, 2 kobold brigands and 1 more exclusion


Innate Abilities, Weirdness & Mutations

You are small and have problems with some larger weapons.
You are completely attuned to the shadows.
Armour fits poorly on your strangely shaped body.
Potions are less effective at restoring your health.
You occasionally lose the ability to read scrolls when taking damage.


Message History

You fade into invisibility!
You block the vampire's attack. The vampire closely misses you.
It was a potion of degeneration.
There was something very wrong with that liquid.
You feel weakened.
You feel dopey.
You feel clumsy. The vampire closely misses you. The vampire barely misses you.
It was a potion of flight.
You feel very buoyant.
You fly up into the air.
The vampire closely misses you. You block the vampire's attack.
It was a potion of magic.
Magic courses through your body. The vampire hits you!
* * * LOW HITPOINT WARNING * * *
The vampire barely misses you.
It was a potion of mutation.
You feel extremely strange.
Your system partially rejects the healing effects of potions.
You occasionally lose the ability to read scrolls when taking damage.
Your body twists and deforms.
The vampire barely misses you. The vampire completely misses you.
As you read the scroll labelled YFFEOL MOUPS, it crumbles to dust.
It is a scroll of identify.
B - a scroll of fog The vampire barely misses you.
The vampire bites you!
You feel threatened and lose the ability to read scrolls!
* * * LOW HITPOINT WARNING * * *
The vampire draws strength from your injuries!
You cannot read scrolls in your current state!
Unknown command.
Unknown command.
You cannot read scrolls in your current state!
Okay, then.
Okay, then.
Unknown command.
Unknown command.
You slash the vampire!
The vampire is heavily damaged.
The vampire hits you.
* * * LOW HITPOINT WARNING * * *
The vampire bites you!
You die...

####### #####(@#..##
#...###V##.#
#.#.###x..#* ***
#.#.##.##.#* ,,*
#.#...##*#.# ,,*
#.#.##.#**.# ,,*
#.###,##,,**
,,******###.##*******
,,,,,,,,.....#


You could see an unseen horror (invisible) and a vampire (invisible).

Vanquished Creatures
  A deep elf pyromancer (D:7)
  2 ice beasts
  2 phantoms (D:6)
  A bullfrog (D:6)
  7 wights
  A howler monkey (D:6)
  4 hounds
  An orc priest (D:4)
  A gnoll bouda (D:4)
  3 iguanas
  A sleepcap (D:6)
  4 orc wizards
  3 gnolls (D:4)
  5 adders
  A white imp (D:6)
  An ufetubus (D:4)
  5 worms
  3 dart slugs
  17 orcs
  7 bats
  6 endoplasms
  6 giant cockroaches
  6 goblins
  6 hobgoblins
  8 jackals
  4 quokkas
  6 ball pythons
  4 frilled lizards
  6 kobolds
  4 rats
126 creatures vanquished.

Notes
Turn   | Place    | Note
-------+----------+-------------------------------------------
     0 | D:1      | Klatu the Kobold Fighter began the quest for the Orb.
     0 | D:1      | Reached XP level 1. HP: 14/14 MP: 1/1
    85 | D:2      | Found a faded altar of an unknown god.
   139 | D:1      | Reached skill level 2 in Axes
   254 | D:1      | Reached XP level 2. HP: 19/19 MP: 2/2
  1045 | D:2      | Reached XP level 3. HP: 23/23 MP: 3/3
  1119 | D:2      | Reached skill level 3 in Axes
  1485 | D:2      | Reached XP level 4. HP: 28/28 MP: 4/4
  1515 | D:2      | Found a shadowy altar of Dithmenos.
  2308 | D:3      | Reached XP level 5. HP: 31/32 MP: 5/5
  2338 | D:3      | Reached skill level 4 in Axes
  2426 | D:3      | Identified the +5 hand axe of the Bespelling Fool {heavy,
                  | Stlth+}
  2709 | D:3      | Found an ornate altar of the Wu Jian Council.
  2713 | D:3      | Noticed a spectral centipede
  2713 | D:3      | Noticed a spectral black mamba
  2713 | D:3      | Noticed a spectral cane toad
  3001 | D:4      | Reached XP level 6. HP: 20/37 MP: 6/6
  3117 | D:4      | Reached skill level 5 in Axes
  3241 | D:4      | Noticed a water moccasin
  3373 | D:4      | Found a staircase to the Ecumenical Temple.
  3379 | Temple   | Entered the Ecumenical Temple
  3385 | Temple   | Became a worshipper of Ashenzari the Shackled
  3590 | D:5      | Entered Level 5 of the Dungeon
  3662 | D:5      | Found a glowing golden altar of the Shining One.
  3667 | D:5      | Reached XP level 7. HP: 24/41 MP: 7/7
  4138 | D:5      | Reached skill level 6 in Axes
  4896 | D:6      | Reached skill level 7 in Axes
  4912 | D:6      | Reached XP level 8. HP: 46/46 MP: 8/8
  5218 | D:6      | Reached skill level 8 in Axes
  5391 | D:6      | Identified the ring of Vafif {Fire Str+3}
  5776 | D:7      | Reached XP level 9. HP: 15/51 MP: 9/9
  5933 | D:7      | Noticed a deep elf pyromancer
  5939 | D:7      | Killed a deep elf pyromancer
  5940 | D:7      | Reached skill level 9 in Axes
  5942 | D:7      | Noticed an unseen horror
  5959 | D:7      | Gained mutation: Potions are less effective at restoring
                  | your health. [potion of mutation]
  5959 | D:7      | Gained mutation: You occasionally lose the ability to read
                  | scrolls when taking damage. [potion of mutation]
  5959 | D:7      | Gained mutation: Armour fits poorly on your strangely
                  | shaped body. [potion of mutation]
  5961 | D:7      | Mangled by a vampire

Illustrated notes

Levels and vault maps discovered:
D:1:      wheals_arrival_linesprint, layout_basic, grunt_decor_one_mirror
D:2:      layout_basic, nicolae_ecumenical_oubliette, basic_altar,
          amcnicky_mini_pool_small, st_stairs_13
D:3:      layout_rooms, pdpol_wu_jian_five_deadly_venoms, fountainhead,
          minmay_misc_feat_diagonals, dk_noncrumbling_3,
          guppyfry_early_lair_pool
D:4:      minmay_angry_zag, layout_rooms, minmay_temple_entry_hall,
          chequers_big_river, nicolae_elevator_lobby_asterisk
D:5:      layout_gridville, mainiacjoe_overflow_alcove_1
D:6:      layout_basic, dilly_guarded_unrand_throatcut
D:7:      minmay_cornered_nines, layout_basic
Temple:   hellmonk_temple_two_chambers

Skill      XL: |  1  2  3  4  5  6  7  8  9 |
---------------+----------------------------+-----
Axes           | 2 3 4 5 7 8 9 |  9.8
Fighting       | |  3.2
Armour         | |  2.4
Shields        | |  2.4

Action                     |  1- 3 |  4- 6 |  7- 9 || total
---------------------------+-------+-------+-------++-------
  Melee: War axe           |    74 |    55 |       ||   129
         Hand axe          |       |    71 |    80 ||   151
    Use: Scroll            |       |     2 |     5 ||     7
         Potion            |       |       |    13 ||    13
   Stab: Sleeping          |       |     5 |     6 ||    11
         Distracted        |       |     1 |     1 ||     2
 Armour: Scale mail        |    11 |       |       ||    11
         Chain mail        |    15 |    21 |       ||    36
         Leather armour    |       |    17 |    20 ||    37
  Dodge: Dodged            |    21 |    49 |    45 ||   115
  Block: Buckler           |    30 |    71 |    29 ||   130
         Reflection        |       |     3 |     1 ||     4
